 Dungeon Sprint DCSS version 0.19-a0-1532-g228a5d9 (webtiles) character file.

6524 poirepourri the Imperceptible (level 10, 0/44 HPs)
             Began as a Spriggan Enchanter on Sept 13, 2016.
             Was a High Priest of Dithmenos.
             Shot with an arrow by a spriggan rider (13 damage)
             ... in the Dungeon (Sprint IV: "Fedhas' Mad Dash").
             The game lasted 00:04:47 (2028 turns).

poirepourri the Imperceptible (Spriggan Enchanter)  Turns: 2028, Time: 00:04:48

Health: 0/44       AC:  4    Str:  4    XL:     10   Next: 69%
Magic:  28/28      EV: 24    Int: 16    God:    Dithmenos [*****.]
Gold:   143        SH:  0    Dex: 21    Spells: 8 memorised, 15 levels left

rFire  . . .     SeeInvis +     a - +1 dagger
rCold  . . .     Gourm    .     b - +2 robe
rNeg   . . .     Faith    .     (shield restricted)
rPois  .         Spirit   .     (helmet restricted)
rElec  .         Dismiss  .     (no cloak)
rCorr  .         Reflect  .     (gloves unavailable)
MR     +....     Harm     .     (boots unavailable)
Stlth  ++++++++++ NoTele   +    k - amulet of invisibility {+Inv}
                                (no ring)
                                (no ring)

@: wreathed by umbra, very quick
A: unfitting armour, see invisible, herbivore 3, speed 3, slow metabolism 2
a: Shadow Step, Shadow Form, Renounce Religion, Evoke Invisibility


You were in the Dungeon.
You worshipped Dithmenos.
Dithmenos was extremely pleased with you.
You were not hungry.

You visited 1 branch You collected 203 gold pieces.
You spent 60 gold pieces at shops.

Inventory:

Hand Weapons
 a - a +1 dagger (weapon)
Armour
 b - a +2 robe (worn)
Jewellery
 k - the amulet of invisibility (around neck) {+Inv}
   (You found it in the Dungeon)

   [amulet of nothing]

   It lets you turn invisible.
Wands
 j - a wand of slowing (29/48)
Potions
 e - a potion of curing
 g - a potion of haste
 h - 2 potions of magic
Books
 c - a book of Maledictions

   Spells                             Type                      Level
   a - Corona                         Hexes                        1
   b - Ensorcelled Hibernation        Hexes/Ice                    2
   c - Confuse                        Hexes                        3
   d - Tukima's Dance                 Hexes                        3
   e - Dazzling Spray                 Conjuration/Hexes            3
 f - a book of Misfortune

   Spells                             Type                      Level
   a - Confusing Touch                Hexes                        1
   b - Confuse                        Hexes                        3
   c - Gell's Gravitas                Hexes/Translocation          3
   d - Petrify                        Transmutation/Earth          4
   e - Metabolic Englaciation         Hexes/Ice                    5
   f - Yara's Violent Unravelling     Hexes/Transmutation          5
 m - a book of the Sky

   Spells                             Type                      Level
   a - Summon Lightning Spire         Summoning/Air                4
   b - Airstrike                      Air                          4
   c - Silence                        Hexes/Air                    5
   d - Deflect Missiles               Charms/Air                   6
   e - Conjure Ball Lightning         Conjuration/Air              6
   f - Tornado                        Air                          9
 n - a Necronomicon

   Spells                             Type                      Level
   a - Haunt                          Necromancy/Summoning         7
   b - Borgnjor's Revivification      Necromancy                   8
   c - Death's Door                   Charms/Necromancy            8
   d - Infestation                    Necromancy                   8
   e - Necromutation                  Transmutation/Necromancy     8
Miscellaneous
 l - a sack of spiders
Comestibles
 d - a bread ration
 i - 2 royal jellies


   Skills:
 + Level 7.4 Short Blades
 + Level 7.5 Dodging
 + Level 23.5 Stealth
 + Level 13.8 Spellcasting
 + Level 14.5 Hexes
 + Level 2.6 Transmutations
 - Level 2.1 Ice Magic
 + Level 2.7 Invocations


You had 15 spell levels left.
You knew the following spells:

 Your Spells              Type           Power        Failure   Level  Hunger
a - Corona                Hex            ######.      1%          1    None
b - Ensorcelled Hibernat  Hex/Ice        #####.       1%          2    None
c - Confuse               Hex            ######..     1%          3    None
d - Tukima's Dance        Hex            ######..     1%          3    None
e - Dazzling Spray        Conj/Hex       ####..       1%          3    None
f - Confusing Touch       Hex            ######       1%          1    None
g - Yara's Violent Unrav  Hex/Tmut       #####.....   6%          5    ####...
h - Gell's Gravitas       Hex/Tloc       ####......   1%          3    None


Dungeon Overview and Level Annotations

Branches:
Dungeon (1/1)

Altars:
Cheibriados
Dithmenos
Elyvilon
Gozag
Hepliaklqana
Kikubaaqudgha
Makhleb
Nemelex Xobeh
Okawaru
Qazlal
Ru
Sif Muna
Trog
Uskayaw
Vehumet
Xom
Yredelemnul
Zin
The Shining One
Beogh
Jiyva
Lugonu

Shops:
D ****}(


Innate Abilities, Weirdness & Mutations

You are tiny and cannot use many weapons and most armour.
You have supernaturally acute eyesight. (SInv)
You are a herbivore.
You cover ground extremely quickly.
You need consume almost no food.


Message History

Your Stealth skill increases to level 23!
Items here: ) [[ † a demon whip of venom; a robe; a glowing buckler; a spriggan corpse Unknown command.
n - a Necronomicon
Items here: ) [[ † a demon whip of venom; a robe; a glowing buckler; a spriggan corpse
There is an entrance to Tuiqo's Assorted Antiques here.
There is an entrance to Onukicut's Assorted Antiques here.
You start resting.
Magic restored.
A spriggan rider comes into view. It is wielding the +8 storm bow {elec}.
The spriggan rider shouts!
The spriggan rider shoots an arrow.
The arrow hits you!
You are electrocuted!
* * * LOW HITPOINT WARNING * * *
You see here an arrow.
Okay, then.
Okay, then.
The spriggan rider shoots an arrow.
The arrow hits you!
You die...

..#...##################
.######♣♣♣♣♣..♣.###.'..+
###.['......♣..♣##..#..#
.....#♣..♣♣♣.♣).###.##'#
.....#.♣♣..♣...♣'...#♣.♣###
#####################.....####
... ###..♣..♣....###
...P.#####.).♣......♣...♣#
..iP...(.@....♣.)...∩.∩..)
...P...###################
#######


You could see a spriggan rider.

Vanquished Creatures
  Agnes (D)
  A spriggan defender (D)
  A spriggan berserker (D)
  A spriggan druid (D)
  3 oklob plants (D)
  A queen bee (D)
  3 burning bushes (D)
  3 wandering mushrooms (D)
  2 scorpions (D)
  4 killer bees (D)
  5 oklob saplings (D)
  A worker ant (D)
  2 spriggans (D)
  A river rat (D)
  A rat (D)
  2 ballistomycetes (D)
  A giant spore (D)
33 creatures vanquished.

Notes
Turn   | Place    | Note
-------+----------+-------------------------------------------
     0 | D        | poirepourri the Spriggan Enchanter began the quest for the Orb.
     0 | D        | Reached XP level 1. HP: 9/9 MP: 5/5
     8 | D        | Reached skill level 7 in Stealth
     8 | D        | Reached XP level 2. HP: 13/13 MP: 6/6
   120 | D        | Learned a level 2 spell: Ensorcelled Hibernation
   123 | D        | Noticed an oklob sapling
   125 | D        | Killed an oklob sapling
   125 | D        | Reached skill level 8 in Stealth
   125 | D        | Reached skill level 5 in Hexes
   125 | D        | Reached XP level 3. HP: 16/16 MP: 7/9
   146 | D        | Reached skill level 9 in Stealth
   162 | D        | Noticed an oklob sapling
   167 | D        | Learned a level 3 spell: Confuse
   172 | D        | Killed an oklob sapling
   172 | D        | Reached skill level 10 in Stealth
   172 | D        | Reached XP level 4. HP: 21/21 MP: 3/11
   340 | D        | Learned a level 3 spell: Tukima's Dance
   344 | D        | Learned a level 3 spell: Dazzling Spray
   354 | D        | Found an opulent altar of Gozag.
   354 | D        | Found a hazy altar of Hepliaklqana.
   354 | D        | Found a burning altar of Makhleb.
   354 | D        | Found a roughly hewn altar of Beogh.
   354 | D        | Found a sparkling altar of Nemelex Xobeh.
   354 | D        | Found a snail-covered altar of Cheibriados.
   354 | D        | Found a sacrificial altar of Ru.
   354 | D        | Found a deep blue altar of Sif Muna.
   354 | D        | Found a shimmering altar of Xom.
   354 | D        | Found a basalt altar of Yredelemnul.
   355 | D        | Found a viscous altar of Jiyva.
   355 | D        | Found a bloodstained altar of Trog.
   356 | D        | Found an iron altar of Okawaru.
   356 | D        | Found a shadowy altar of Dithmenos.
   356 | D        | Found a glowing silver altar of Zin.
   357 | D        | Found a hide-covered altar of Uskayaw.
   357 | D        | Found an ancient bone altar of Kikubaaqudgha.
   358 | D        | Found a stormy altar of Qazlal.
   358 | D        | Found a glowing golden altar of the Shining One.
   358 | D        | Found a white marble altar of Elyvilon.
   359 | D        | Found a radiant altar of Vehumet.
   359 | D        | Found a corrupted altar of Lugonu.
   362 | D        | Reached skill level 5 in Dodging
   362 | D        | Reached skill level 11 in Stealth
   362 | D        | Reached skill level 5 in Spellcasting
   362 | D        | Reached XP level 5. HP: 24/24 MP: 11/13
   367 | D        | Became a worshipper of Dithmenos the Shadowed
   418 | D        | Reached skill level 12 in Stealth
   426 | D        | Reached * piety under Dithmenos
   451 | D        | Reached XP level 6. HP: 19/28 MP: 4/16
   688 | D        | Found Tuciolak's Assorted Antiques.
   688 | D        | Found Iwkot's General Store.
   695 | D        | Bought a potion of heal wounds for 60 gold pieces
   697 | D        | Noticed a burning bush
   697 | D        | Noticed a wandering mushroom
   698 | D        | Noticed a wandering mushroom
   717 | D        | Reached skill level 13 in Stealth
   717 | D        | Reached skill level 1 in Ice Magic
   734 | D        | Killed a wandering mushroom
   734 | D        | Reached ** piety under Dithmenos
   734 | D        | Reached skill level 14 in Stealth
   734 | D        | Reached skill level 10 in Hexes
   734 | D        | Reached XP level 7. HP: 32/32 MP: 5/20
  1174 | D        | Killed a burning bush
  1174 | D        | Reached skill level 15 in Stealth
  1174 | D        | Reached skill level 10 in Spellcasting
  1276 | D        | Found Okhliot's Antique Weapon Emporium.
  1276 | D        | Found Anobaj's Gadget Shoppe.
  1329 | D        | Noticed a queen bee
  1335 | D        | Killed a queen bee
  1335 | D        | Reached XP level 8. HP: 36/36 MP: 17/23
  1336 | D        | Reached *** piety under Dithmenos
  1336 | D        | Reached skill level 16 in Stealth
  1346 | D        | Learned a level 1 spell: Confusing Touch
  1352 | D        | Learned a level 5 spell: Yara's Violent Unravelling
  1353 | D        | Noticed an oklob plant
  1365 | D        | Killed an oklob plant
  1365 | D        | Reached **** piety under Dithmenos
  1365 | D        | Reached skill level 17 in Stealth
  1365 | D        | Reached skill level 1 in Invocations
  1522 | D        | Noticed a burning bush
  1532 | D        | Killed a burning bush
  1649 | D        | Noticed a burning bush
  1649 | D        | Noticed an oklob plant
  1650 | D        | Noticed a wandering mushroom
  1651 | D        | Killed a burning bush
  1651 | D        | Reached skill level 18 in Stealth
  1651 | D        | Reached XP level 9. HP: 39/39 MP: 24/26
  1657 | D        | Killed an oklob plant
  1657 | D        | Reached skill level 5 in Short Blades
  1657 | D        | Reached skill level 1 in Transmutations
  1658 | D        | Reached skill level 19 in Stealth
  1659 | D        | Killed a wandering mushroom
  1659 | D        | Reached ***** piety under Dithmenos
  1700 | D        | Noticed a spriggan druid
  1701 | D        | Killed a spriggan druid
  1701 | D        | Reached skill level 20 in Stealth
  1817 | D        | Noticed an oklob plant conjurer
  1819 | D        | Killed an oklob plant conjurer
  1831 | D        | Learned a level 3 spell: Gell's Gravitas
  1958 | D        | Noticed Agnes
  1960 | D        | Found Onukicut's Assorted Antiques.
  1960 | D        | Found Tuiqo's Assorted Antiques.
  1961 | D        | Killed Agnes
  1961 | D        | Reached skill level 22 in Stealth
  1961 | D        | Reached XP level 10. HP: 44/44 MP: 22/28
  1964 | D        | Noticed a spriggan berserker
  1966 | D        | Killed a spriggan berserker
  1972 | D        | Noticed a spriggan defender
  1976 | D        | Killed a spriggan defender
  1976 | D        | Reached skill level 23 in Stealth
  2024 | D        | Noticed a spriggan rider
  2028 | D        | Shot with an arrow by a spriggan rider

Vault maps used:
D:        dungeon_sprint_fedhas

Skill      XL: |  1  2  3  4  5  6  7  8  9 10 |
---------------+-------------------------------+-----
Stealth        | 7 8 10 11 12 14 15 18 22 23 | 23.5
Dodging        | 4 5 6 7 |  7.5
Spellcasting   | 3 4 5 6 8 10 12 13 | 13.8
Hexes          | 5 6 7 9 10 11 12 14 | 14.5
Ice Magic      | 1 2 |  2.1
Short Blades   | 2 4 6 7 |  7.4
Invocations    | 1 2 |  2.7
Transmutations | 2 |  2.6

Action                   |  1- 3 |  4- 6 |  7- 9 | 10-12 || total
-------------------------+-------+-------+-------+-------++-------
Melee: Dagger            |     8 |    23 |    72 |     2 ||   105
 Cast: Confuse           |     2 |     3 |     9 |       ||    14
       Ensorcelled Hiber |       |    10 |       |       ||    10
       Yara's Violent Un |       |       |     1 |       ||     1
       Dazzling Spray    |       |       |     1 |       ||     1
Invok: Shadow Step       |       |       |     3 |     1 ||     4
  Use: Potion            |       |     3 |       |       ||     3
       Scroll            |       |     2 |     1 |       ||     3
 Stab: Sleeping          |     3 |     4 |    12 |     2 ||    21
       Confused          |     1 |     2 |     8 |       ||    11
  Eat: Royal jelly       |       |       |     1 |       ||     1
Armor: Robe              |     1 |     1 |       |       ||     2
Dodge: Dodged            |     2 |    19 |     4 |       ||    25
